 Dungeon Crawl Stone Soup version 0.24.0-37-gcf1ca852f1 (webtiles) character file.

Game seed: 6934621116176010470, levelgen mode: deterministic

72 MJtheKandyman the Skirmisher (level 4, -1/30 HPs)
             Began as a Gargoyle Fighter on Nov 22, 2019.
             Shot with an arrow by a centaur (7 damage)
             ... on level 2 of the Dungeon.
             The game lasted 00:03:00 (1287 turns).

MJtheKandyman the Skirmisher (Gargoyle Fighter)     Turns: 1287, Time: 00:03:01

Health: -1/30      AC: 10    Str: 20    XL:     4   Next: 25%
Magic:  4/4        EV:  7    Int:  9    God:
Gold:   59         SH:  9    Dex:  9    Spells: 3/3 levels left

rFire    . . .     SeeInvis .   a - +0 flail
rCold    . . .     Gourm    .   c - +0 shield
rNeg     + . .     Faith    .   b - +0 scale mail
rPois    ∞         Spirit   .   (no helmet)
rElec    +         Reflect  .   (no cloak)
rCorr    .         Harm     .   (no gloves)
MR       .....                  (no boots)
Stlth    ..........             (no amulet)
HPRegen  0.10/turn              (no ring)
MPRegen  0.09/turn              (no ring)

@: no status effects
A: negative energy resistance 1, electricity resistance, unbreathing,
petrification resistance, rot immunity, AC +3
a: no special abilities


You were on level 2 of the Dungeon.
You were not hungry.

You visited 1 branch of the dungeon, and saw 2 of its levels.

You collected 59 gold pieces.

Inventory:

Hand Weapons
 a - a +0 flail (weapon)
 k - a +1 hunting sling of freezing
Missiles
 e - 5 atropa-tipped darts (quivered)
Armour
 b - a +0 scale mail (worn)
 c - a +0 shield (worn)
Jewellery
 g - a cursed ring of attention {unknown}
 i - a cursed ring of attention {unknown}
Scrolls
 h - a scroll of random uselessness {unknown}
 l - a scroll of teleportation {unknown}
 p - a scroll of identify {unknown}
Potions
 d - a potion of might
 m - a potion of brilliance {unknown}
 n - 2 potions of resistance {unknown}
 o - a potion of mutation {unknown}
Comestibles
 f - 3 rations


   Skills:
 + Level 4.5 Fighting
 + Level 3.3 Maces & Flails
 - Level 3.2 Armour
 - Level 3.2 Shields


You had 3 spell levels left.
You didn't know any spells.
Your spell library was empty.

Dungeon Overview and Level Annotations

Branches:
Dungeon (2/15)

Altars:


Innate Abilities, Weirdness & Mutations

You are resistant to torment.
Your stone body is resilient. (AC +3)
You are immune to poison.
You resist negative energy. (rN+)
You are resistant to electric shocks. (rElec)
You can survive without breathing.
You are immune to petrification.
You are immune to rotting.


Message History

The centaur shoots an arrow.
You block the arrow.
The centaur shoots an arrow.
The arrow closely misses you.
The centaur shoots an arrow.
The arrow barely misses you.
You see here 2 arrows.
The centaur shoots an arrow.
The arrow hits you!
You see here an arrow.
The centaur shoots an arrow.
You block the arrow.
You see here an arrow.
Found 10 gold pieces.
A hobgoblin comes into view. It is wielding a +0 club.
The hobgoblin shouts!
You hear a shout!
A kobold comes into view. It is wielding a +0 short sword.
Found a fuming dark potion.
The centaur shoots an arrow.
The arrow hits you.
The centaur shoots an arrow.
The arrow hits you.
* * * LOW HITPOINT WARNING * * *
You see here an arrow.
The centaur shoots an arrow.
You block the arrow.
The centaur shoots an arrow.
The arrow hits you!
You die...

# # #..
#.#...#######
#..
..#.........÷
.. !.
..########
#.##.##.# # #
.$.#...# #
#.####K...# #
#...@#g..# #
####..(.#####
####.....#
#####c# #.# #.#
#.### ..###.c.#
#.......#######


You could see a centaur.

Vanquished Creatures
  Robin (D:2)
  3 dart slugs (D:1)
  2 giant cockroaches
  7 hobgoblins
  7 jackals
  9 kobolds
  3 bats (D:1)
  A frilled lizard (D:2)
  12 goblins
  4 rats (D:1)
49 creatures vanquished.

Notes
Turn   | Place    | Note
-------+----------+-------------------------------------------
     0 | D:1      | MJtheKandyman the Gargoyle Fighter began the quest for the
                  | Orb.
     0 | D:1      | Reached XP level 1. HP: 14/14 MP: 1/1
    75 | D:1      | Reached XP level 2. HP: 15/19 MP: 2/2
   495 | D:1      | Reached XP level 3. HP: 24/24 MP: 3/3
   537 | D:1      | Reached skill level 4 in Fighting
   970 | D:2      | Noticed Robin
  1012 | D:2      | HP: 1/24 [goblin/+0 club[Robin] (5)]
  1022 | D:2      | Killed Robin
  1022 | D:2      | Reached XP level 4. HP: 10/30 MP: 4/4
  1268 | D:2      | Noticed a centaur
  1287 | D:2      | Shot with an arrow by a centaur

Levels and vault maps discovered:
D:1:      dpeg_arrival_orchard, layout_basic, corexii_corridor_pit
D:2:      layout_rooms, first_ration, minmay_distorted, uniq_robin

Skill      XL: |  1  2  3 |
---------------+----------+-----
Fighting       | 4 |  4.5
Maces & Flails | 3 |  3.3
Armour         | |  3.2
Shields        | |  3.2

Action                   |  1- 3 |  4- 6 || total
-------------------------+-------+-------++-------
Melee: Flail             |   165 |    14 ||   179
  Use: Potion            |     2 |       ||     2
  Eat: Chunk             |       |     2 ||     2
Armor: Scale mail        |    81 |     4 ||    85
Dodge: Dodged            |    52 |     7 ||    59
Block: Shield            |   100 |     9 ||   109
